 Dungeon Crawl Stone Soup version 0.20.1-1-g8b1a95d66d (webtiles) character file.

648 LoneRaider the Skirmisher (level 7, -6/61 HPs)
             Began as a Black Draconian Berserker on Nov 21, 2017.
             Was a Priest of Trog.
             Mangled by a gnoll
             ... wielding a +0 halberd
              (11 damage)
             ... on level 5 of the Dungeon.
             The game lasted 00:20:19 (2982 turns).

LoneRaider the Skirmisher (DrBe)                    Turns: 2982, Time: 00:20:20

Health: -6/61      AC:  6    Str: 21    XL:     7   Next: 27%
Magic:  7/7        EV: 13    Int:  8    God:    Trog [***...]
Gold:   165        SH:  2    Dex: 10    Spells: 6/6 levels left

rFire    . . .     SeeInvis .   n - +2 short sword (drain)
rCold    . . .     Gourm    .   (no shield)
rNeg     . . .     Faith    .   (armour unavailable)
rPois    .         Spirit   .   (helmet restricted)
rElec    +         Reflect  +   (no cloak)
rCorr    +         Harm     .   (no gloves)
MR       .....                  (no boots)
Stlth    +.........             l - +2 amulet of reflection
Regen    0.2/turn               a - ring of resist corrosion
MPRegen  0.1/turn               (no ring)

@: marked
A: breathe lightning, unfitting armour, electricity resistance, cold-blooded, AC
+6
a: Breathe Lightning, Berserk, Trog's Hand, Burn Spellbooks, Renounce Religion


You were on level 5 of the Dungeon.
You worshipped Trog.
Trog was most pleased with you.
You were not hungry.

You visited 1 branch of the dungeon, and saw 4 of its levels.

You collected 165 gold pieces.

Inventory:

Hand Weapons
 d - a +2 vampiric dagger
 n - a +2 short sword of draining (weapon)
Jewellery
 a - a ring of resist corrosion (left hand)
 c - an uncursed amulet of harm
 l - a +2 amulet of reflection (around neck)
Wands
 e - a wand of disintegration (7/24)
 g - a wand of digging (6/24)
Scrolls
 f - a scroll of magic mapping {unknown}
 i - 2 scrolls of remove curse
 m - a scroll of amnesia {unknown}
 o - a scroll of random uselessness {unknown}
 p - a scroll of enchant weapon {unknown}
 r - 2 scrolls of identify
 t - a scroll of holy word {unknown}
Potions
 s - a potion of flight {unknown}
Comestibles
 b - 2 bread rations
 k - 3 fruits


   Skills:
 * Level 5.4 Fighting
 * Level 4.5 Short Blades
   Level 4.1 Axes
 + Level 4.3 Dodging
 - Level 0.6 Stealth
 - Level 0.2 Evocations


You had 6 spell levels left.
You didn't know any spells.

Dungeon Overview and Level Annotations

Branches:
Dungeon (5/15)             Temple (0/1) D:4

Altars:
Elyvilon
Makhleb
Zin
The Shining One


Innate Abilities, Weirdness & Mutations

You can breathe wild blasts of lightning.
Your glossy black scales are hard. (AC +6)
You cannot fit into any form of body armour.
You are resistant to electric shocks. (rElec)
You are cold-blooded and may be slowed by cold attacks.


Message History

* * * LOW HITPOINT WARNING * * *
You hit the gnoll sergeant but do no damage.
The gnoll sergeant is moderately wounded.
The gnoll closely misses you. The gnoll hits you but does no damage.
The gnoll sergeant misses you.
The gnoll sergeant hits you from afar with a spear.
* * * LOW HITPOINT WARNING * * *
The gnoll misses you. The gnoll sergeant barely misses you.
You closely miss the gnoll. You tail-slap the gnoll.
The gnoll is heavily wounded.
The gnoll sergeant hits you from afar with a spear.
* * * LOW HITPOINT WARNING * * *
You hit the gnoll. You drain the gnoll!
You kill the gnoll!
Trog accepts your kill. The gnoll misses you.
The gnoll sergeant hits you with a spear.
* * * LOW HITPOINT WARNING * * *
The gnoll hits you with a halberd!
You die...

############ #..........#
#..........# ...........# ##
........#### #####. #....##.#
#....# ######### #.......#
#.##.##.#.....%.
#.....#########..g............
................@g[.(.......<.
.#..#.####......##g...........
.#..#.# #......##..........g.
.#....# #......##..........g.
##.#..# #......##......#####.
#.#..# #..###............
##.##.# #..# ########...#.
...##.## #..# ...... #####..#
#..# #.# .....


You could see a gnoll sergeant and 2 gnolls.

Vanquished Creatures
  Sigmund (D:5)
  A centaur (D:5)
  A bullfrog zombie (D:5)
  An orc priest (D:5)
  A centaur skeleton (D:4)
  An iguana (D:5)
  2 worker ants
  Ijyb (D:4)
  2 orc wizards
  3 gnolls (D:5)
  4 adders
  2 oozes
  2 worms (D:2)
  4 dart slugs
  11 orcs
  2 ball pythons
  3 giant cockroaches
  3 goblins
  2 hobgoblins (D:2)
  7 jackals
  7 kobolds
  3 quokkas
  A ball python zombie (D:5)
  6 bats
  5 frilled lizards
  A quokka skeleton (D:4)
  7 rats
84 creatures vanquished.

Notes
Turn   | Place    | Note
-------+----------+-------------------------------------------
     0 | D:1      | LoneRaider the Draconian Berserker began the quest for the Orb.
     0 | D:1      | Reached XP level 1. HP: 19/19 MP: 1/1
   118 | D:1      | Reached XP level 2. HP: 20/26 MP: 2/2
   756 | D:2      | Reached XP level 3. HP: 32/33 MP: 3/3
   830 | D:2      | Found a faded altar of an unknown god.
   851 | D:2      | Reached ** piety under Trog
  1050 | D:2      | Reached skill level 4 in Fighting
  1213 | D:2      | Reached XP level 4. HP: 36/40 MP: 4/4
  1312 | D:2      | You fall through a shaft for 2 floors!
  1352 | D:4      | Found a glowing golden altar of the Shining One.
  1352 | D:4      | Found a white marble altar of Elyvilon.
  1353 | D:4      | Found a glowing silver altar of Zin.
  1400 | D:4      | Noticed Ijyb
  1411 | D:4      | Killed Ijyb
  1411 | D:4      | Reached skill level 1 in Short Blades
  1411 | D:4      | Reached XP level 5. HP: 15/47 MP: 5/5
  1553 | D:4      | Found a burning altar of Makhleb.
  1997 | D:4      | Found a staircase to the Ecumenical Temple.
  2166 | D:5      | Entered Level 5 of the Dungeon
  2229 | D:5      | Noticed Sigmund
  2256 | D:5      | Killed Sigmund
  2256 | D:5      | Reached XP level 6. HP: 33/55 MP: 6/6
  2308 | D:5      | Reached skill level 5 in Fighting
  2309 | D:5      | Reached *** piety under Trog
  2654 | D:5      | Your scales start taking on a glossy black colour.
  2654 | D:5      | Reached XP level 7. HP: 56/61 MP: 7/7
  2654 | D:5      | Gained mutation: You are resistant to electric shocks. (rElec) [Black Draconian growth]
  2982 | D:5      | Mangled by a gnoll

Skill      XL: |  1  2  3  4  5  6 |
---------------+-------------------+-----
Fighting       | 4 5 |  5.4
Axes           | 4 |  4.1
Dodging        | 3 4 |  4.3
Short Blades   | 1 3 4 |  4.5
Stealth        | |  0.6
Evocations     | |  0.2

Action                   |  1- 3 |  4- 6 |  7- 9 || total
-------------------------+-------+-------+-------++-------
Melee: Hand axe          |    92 |       |       ||    92
       Tailslap          |    16 |    15 |     9 ||    40
       Short sword       |    26 |   107 |    43 ||   176
Evoke: Wand              |       |     3 |       ||     3
  Use: Scroll            |     6 |     3 |       ||     9
       Potion            |     3 |     1 |     1 ||     5
 Stab: Sleeping          |     1 |       |       ||     1
  Eat: Chunk             |     1 |     1 |       ||     2
       Bread ration      |       |     1 |       ||     1
       Fruit             |       |     1 |       ||     1
Armor: Skin              |    58 |    27 |     8 ||    93
Dodge: Dodged            |   109 |    83 |    38 ||   230
Block: Other             |       |     6 |     4 ||    10
